 Dungeon Crawl Stone Soup version 0.30-a0-719-gcc4359ea44 (webtiles) character file.

Game seed: 8362240344966357776

7322 Dittersdorf the Protected (level 11, -8/72 HPs)
             Began as a Gargoyle Fighter on Jan 26, 2023.
             Was a Priest of Okawaru.
             Mangled by a freezing wraith (20 damage)
             ... on level 9 of the Dungeon.
             The game lasted 00:12:21 (8318 turns).

Dittersdorf the Protected (Gargoyle Fighter)        Turns: 8318, Time: 00:12:22

Health: -8/72      AC: 31    Str: 31    XL:     11   Next: 13%
Magic:  0/11       EV: 11    Int:  8    God:    Okawaru [***...]
Gold:   660        SH:  7    Dex: 12    Spells: 10/10 levels left

rFire   . . .      SeeInvis .    t - +8 whip of Hubris {heavy, Dex+3 Stlth+}
rCold   . . .      Faith    .    c - +0 buckler
rNeg    + . .      Spirit   +    q - +1 chain mail {Will+}
rPois   ∞          Reflect  .    m - +1 hat
rElec   +          Harm     .    (no cloak)
rCorr   .          Rampage  .    w - +2 pair of gloves
Will    +....                    (no boots)
Stlth   +                        D - amulet of guardian spirit
HPRegen 0.32/turn                n - +6 ring of strength
MPRegen 0.12/turn                g - +4 ring of protection

@: heroic, slowed, very slow
A: sickness immunity, AC +8, negative energy resistance 1, electricity
resistance, torment resistance 1, petrification resistance
a: Renounce Religion, Heroism


You were on level 9 of the Dungeon.
You worshipped Okawaru.
Okawaru was most pleased with you.
You visited 2 branches of the dungeon, and saw 10 of its levels.

You collected 660 gold pieces.

Inventory:

Hand Weapons
 a - a +0 flail of protection
 t - the +8 whip of Hubris (weapon) {heavy, Dex+3 Stlth+}
   (You found it on level 3 of the Dungeon)

   Dex:       It affects your dexterity (+3).
   Stlth:     It makes you more stealthy.
Missiles
 A - 2 curare-tipped darts (quivered)
Armour
 c - a +0 buckler (worn)
 m - a +1 hat (worn)
 q - a +1 chain mail of willpower (worn)
 w - a +2 pair of gloves (worn)
Jewellery
 b - a ring of fire
 g - a +4 ring of protection (right hand)
 n - a +6 ring of strength (left hand)
 D - an amulet of guardian spirit (around neck)
Wands
 v - a wand of digging (5)
 B - a wand of quicksilver (7)
 G - a wand of mindburst (4)
Scrolls
 e - 3 scrolls of teleportation
 f - a scroll of enchant weapon
 h - a scroll of butterflies
 o - a scroll of enchant armour
 x - 2 scrolls of identify
 y - a scroll of poison
 z - a scroll of fear
 E - 3 scrolls of fog
 F - 2 scrolls of brand weapon
Potions
 d - 3 potions of might
 i - a potion of mutation
 j - 5 potions of heal wounds
 k - 6 potions of curing
 l - a potion of cancellation
 p - a potion of flight
 r - a potion of ambrosia
 s - a potion of invisibility
 u - 3 potions of brilliance
 C - a potion of haste


   Skills:
 + Level 9.8(14.8) Fighting
 + Level 8.7(13.7) Maces & Flails
 + Level 9.8(14.8) Armour
 + Level 9.8(14.8) Shields


You had 10 spell levels left.
You didn't know any spells.
Your spell library contained the following spells:

 Spells                   Type           Power      Damage    Failure   Level
 Freeze                   Ice            0%         1d3       83%         1
 Magic Dart               Conj           0%         1d3       83%         1
 Sandblast                Erth           0%         2d4       83%         1
 Passwall                 Tmut/Erth      0%         N/A       93%         2
 Searing Ray              Conj           0%         2d4       93%         2
 Dazzling Flash           Conj/Hex       0%         N/A       99%         3
 Frozen Ramparts          Ice            0%         1d1       99%         3
 Hailstorm                Conj/Ice       0%         3d3       99%         3
 Mephitic Cloud           Conj/Pois/Air  0%         N/A       99%         3
 Stone Arrow              Conj/Erth      0%         3d7       99%         3
 Fulminant Prism          Conj/Hex       0%         3d5       100%        4
 Iskenderun's Mystic Bla  Conj/Tloc      0%         2d3       100%        4
 Starburst                Conj/Fire      0%         6d3       100%        6
 Orb of Destruction       Conj           0%         9d5       100%        7
 Call Imp                 Summ           Unusable   N/A       N/A         2
 Summon Guardian Golem    Hex/Summ       Unusable   N/A       N/A         3
 Summon Forest            Summ/Tloc      Unusable   N/A       N/A         5
 Summon Mana Viper        Hex/Summ       Unusable   N/A       N/A         5
 Summon Cactus Giant      Summ           Unusable   N/A       N/A         6
 Spellforged Servitor     Conj/Summ      Unusable   N/A       N/A         7

Dungeon Overview and Level Annotations

Branches:
Dungeon (9/15)             Temple (1/1) D:4
   Lair: D:8-11         Orc: D:9-12

Altars:
Ashenzari
Cheibriados
Dithmenos
Elyvilon
Fedhas
Gozag
Hepliaklqana
Makhleb
Nemelex Xobeh
Okawaru
Qazlal
Sif Muna
Trog
Uskayaw
Vehumet
Wu Jian
Yredelemnul
Zin
The Shining One

Shops:
D:5 [

Annotations:
D:4 3 runed translucent doors, Bediveer's ghost, amateur BaFi
D:6 5 runed translucent doors, Newt's ghost, amateur KoHu; Newt's ghost, novice DsGl


Innate Abilities, Weirdness & Mutations

You are immune to sickness and miasma.
Your stone body is resilient. (AC +8)
You are immune to poison.
You resist negative energy. (rN+)
You are resistant to electric shocks. (rElec)
You are resistant to unholy torment.
You are immune to petrification.


Message History

You kill the wyvern!
Okawaru accepts your kill.
The wyvern bites you but does no damage.
The bullfrog hits you but does no damage.
You closely miss the freezing wraith. The wyvern barely misses you.
The bullfrog barely misses you.
The wyvern bites you but does no damage.
The bullfrog hits you but does no damage.
The freezing wraith hits you but does no damage.
The freezing wraith hits you. The freezing wraith drains your vigour!
You feel yourself slow down.
You gain the combat prowess of a mighty hero.
The wyvern bites you but does no damage.
The bullfrog hits you but does no damage.
The freezing wraith hits you but does no damage. x2
The bullfrog hits you but does no damage.
The wyvern barely misses you.
You barely miss the freezing wraith. The bullfrog hits you.
The wyvern bites you!
* * * LOW HITPOINT WARNING * * *
You block the freezing wraith's attack. The freezing wraith hits you.
* * * LOW HITPOINT WARNING * * *
The freezing wraith drains your vigour!
You feel as though you will be slow longer.
You hit the freezing wraith.
The freezing wraith is lightly damaged.
The wyvern bites you but does no damage.
The bullfrog closely misses you.
The freezing wraith hits you but does no damage.
The freezing wraith barely misses you.
The wyvern bites you but does no damage.
You block the bullfrog's attack.
You closely miss the freezing wraith.
The freezing wraith is lightly damaged.
The wyvern bites you but does no damage.
The bullfrog hits you but does no damage.
The freezing wraith hits you.
* * * LOW HITPOINT WARNING * * *
The freezing wraith freezes you!!
You die...

.......# .....#8≈≈..##......#
.......# ....#≈≈~...........
.......# #..#≈≈~.####'#'###
.......# ## #..#≈≈≈.# #.#.# #
.......# .' #..'≈≈≈.# #.#.# #
.#>....# #. #..#≈≈≈.# ##'#.###
.#.#...# #..##K.#≈≈~.# #......#
.......# #...lFW#≈≈≈.###......#
.##....# #...)@.#8≈≈..##......#
.##....# #+##'#######..........
.......# #... #.........#
###....# #... #.........# #.....#
#.... #.....#.### ##.#.#####
##########.[...#.### #.#.# #.#
#..#..#.!....#.#..
###.#.###.######..#..#...#.##.#..
..................#........##)#..


You could see a freezing wraith, a wyvern, a kobold brigand and a bullfrog.

Vanquished Creatures
  Gastronok (D:8)
  A two-headed ogre (D:9)
  Pikel (D:7)
  A troll (D:8)
  A hornet (D:9)
  Sigmund (D:4)
  4 yaks (D:7)
  A wyvern (D:9)
  Eustachio (D:5)
  A steam dragon (D:6)
  An acid dragon (D:8)
  3 water moccasins
  Duvessa (D:4)
  2 ice beasts (D:7)
  3 orc warriors
  A sky beast (D:7)
  An ogre (D:4)
  3 centaurs
  2 phantoms (D:5)
  5 kobold brigands
  6 scorpions
  3 bullfrogs
  4 necrophages
  A wight (D:9)
  Dowan (D:4)
  2 howler monkeys (D:9)
  5 orc priests
  A gnoll bouda (D:8)
  4 hounds
  A jelly (D:8)
  Terence (D:2)
  5 iguanas
  2 orc wizards
  5 adders
  12 gnolls
  A white imp (D:7)
  A dart slug (D:1)
  35 orcs
  A bat (D:3)
  7 endoplasms
  5 giant cockroaches
  8 goblins
  7 hobgoblins
  5 jackals
  6 quokkas
  8 ball pythons
  6 frilled lizards
  16 kobolds
  5 rats
199 creatures vanquished.

Vanquished Creatures (others)
  An orc (D:6)
  4 withered plants (D:6)
5 creatures vanquished.

Grand Total: 204 creatures vanquished

Notes
Turn   | Place    | Note
-------+----------+-------------------------------------------
     0 | D:1      | Dittersdorf the Gargoyle Fighter began the quest for the
                  | Orb.
     0 | D:1      | Reached XP level 1. HP: 14/14 MP: 1/1
   186 | D:1      | Reached XP level 2. HP: 17/19 MP: 2/2
   277 | D:1      | Found a faded altar of an unknown god.
   656 | D:1      | Reached XP level 3. HP: 22/23 MP: 3/3
  1339 | D:2      | Noticed Terence
  1345 | D:2      | Killed Terence
  1346 | D:2      | Reached XP level 4. HP: 29/29 MP: 4/4
  1686 | D:3      | Found a snail-covered altar of Cheibriados.
  1721 | D:3      | Reached XP level 5. HP: 21/33 MP: 5/5
  1910 | D:3      | Found a bloodstained altar of Trog.
  2007 | D:3      | Identified the +8 whip of Hubris {heavy, Dex+3 Stlth+}
  2337 | D:3      | Reached XP level 6. HP: 39/39 MP: 6/6
  2866 | D:4      | Noticed Bediveer's ghost (amateur BaFi)
  2866 | D:4      | Found a runed translucent gate.
  2866 | D:4      | Found a runed translucent gate.
  2866 | D:4      | Found a runed translucent gate.
  2921 | D:4      | HP: 1/39 [ogre/+0 giant club (24)]
  3083 | D:4      | You fall into a shaft and drop 2 floors!
  3084 | D:6      | yay!
  3098 | D:6      | Reached skill level 5 in Fighting
  3098 | D:6      | Reached skill level 5 in Shields
  3132 | D:6      | Found a large runed translucent door.
  3133 | D:6      | Found a large runed translucent door.
  3155 | D:6      | Reached skill level 5 in Armour
  3155 | D:6      | Reached XP level 7. HP: 44/44 MP: 7/7
  3167 | D:5      | Entered Level 5 of the Dungeon
  3380 | D:5      | Reached XP level 8. HP: 47/51 MP: 8/8
  3476 | D:5      | Reached skill level 5 in Maces & Flails
  3751 | D:4      | Noticed Duvessa
  3758 | D:4      | Killed Duvessa
  3758 | D:4      | Noticed Dowan
  3771 | D:4      | Killed Dowan
  3993 | D:4      | Found a staircase to the Ecumenical Temple.
  4002 | Temple   | Entered the Ecumenical Temple
  4377 | D:4      | Noticed Sigmund
  4385 | D:4      | Killed Sigmund
  4386 | D:4      | Reached XP level 9. HP: 55/56 MP: 9/9
  4870 | D:5      | Noticed Eustachio
  4880 | D:5      | Killed Eustachio
  4881 | D:5      | Found Poaxtaog's Antique Armour Shoppe.
  4948 | D:5      | Found an iron altar of Okawaru.
  4957 | D:5      | Became a worshipper of Warmaster Okawaru
  5128 | D:6      | Found a runed translucent gate.
  5128 | D:6      | Found a runed translucent gate.
  5129 | D:6      | Found a runed translucent gate.
  5130 | D:6      | Noticed Newt's ghost (amateur KoHu)
  5131 | D:6      | Noticed Newt's ghost (novice DsGl)
  5346 | D:6      | Identified the +4 spear of Qewyfras {flame, *Slow rPois
                  | Int+6 SInv}
  5545 | D:7      | Identified the +6 chain mail of the Shore {*Slow rF+ Will+}
  5648 | D:7      | Found a shadowy altar of Dithmenos.
  5844 | D:7      | Identified the +1 robe of the Bulwark {rPois rF+}
  5879 | D:7      | Reached * piety under Okawaru
  6316 | D:7      | Reached ** piety under Okawaru
  6401 | D:7      | Reached XP level 10. HP: 63/64 MP: 10/10
  6408 | D:8      | Noticed Pikel
  6571 | D:7      | Killed Pikel
  6571 | D:7      | Reached *** piety under Okawaru
  6903 | D:8      | Noticed Gastronok
  6920 | D:8      | Killed Gastronok
  7551 | D:9      | Identified the +7 glaive of Moderation {drain, rC- rN++
                  | rCorr}
  8014 | D:9      | Found a stormy altar of Qazlal.
  8058 | D:9      | Found a radiant altar of Vehumet.
  8292 | D:9      | Reached XP level 11. HP: 52/71 MP: 6/11
  8292 | D:9      | Noticed a two-headed ogre
  8312 | D:9      | Killed a two-headed ogre
  8318 | D:9      | Mangled by a freezing wraith

Illustrated notes

####
##..>##
##.....##
#)......#
#..[....#
#.....@.#
##.....##
$.......)
.#.......#
.........#
##.....)##
#.....##
..####


Turn 3084 on D:6: yay!

Levels and vault maps discovered:
D:1:      dpeg_arrival_shrine, layout_loops_corners,
          ebering_ecumenical_altar_abandoned, corner_web_ring,
          minmay_pentomino_o2
D:2:      cheibrodos_helix_gallery, layout_basic, chequers_decorated_corner,
          uniq_terence
D:3:      cheibrodos_pilgrimage, layout_basic, cheibriados_altar_1,
          trog_butcher_becter, grunt_ministairs_9
D:4:      layout_loops_corners, temple_fountains, gammafunk_ghost_nasty_kobolds,
          uniq_sigmund, uniq_duvessa
D:5:      layout_basic, okawaru_gym_becter, serial_shops,
          nicolae_shop_hallway_stairs, hangedman_decor_points, uniq_eustachio
D:6:      layout_rooms, jmf_multi_god_temple2, gammafunk_ghost_cemetery
D:7:      layout_basic, mainiacjoe_overflow_catwalk, minmay_crossroads
D:8:      layout_rooms, uniq_gastronok, uniq_pikel
D:9:      layout_basic, vehumet_crystals, overflow_temple_1_default,
          evilmike_minifort
Temple:   cyrus_circular_temple

Skill      XL: |  1  2  3  4  5  6  7  8  9 10 |
---------------+-------------------------------+-----
Fighting       | 4 5 6 8 9 |  9.8
Armour         | 4 5 6 8 9 |  9.8
Shields        | 4 5 6 8 9 |  9.8
Maces & Flails | 3 4 5 7 8 |  8.7

Action                     |  1- 3 |  4- 6 |  7- 9 | 10-12 || total
---------------------------+-------+-------+-------+-------++-------
  Melee: Flail             |   152 |    49 |       |       ||   201
         Whip              |       |    52 |   203 |   180 ||   435
 Invoke: Heroism           |       |       |       |     3 ||     3
    Use: Scroll            |       |    11 |    11 |     3 ||    25
         Potion            |       |     1 |       |     1 ||     2
 Armour: Scale mail        |    69 |     2 |       |       ||    71
         Chain mail        |       |    66 |   170 |   172 ||   408
  Dodge: Dodged            |    83 |    37 |    94 |    90 ||   304
  Block: Buckler           |    34 |    22 |    81 |    75 ||   212

Table legend: (Time is in decaauts)
 A = Elapsed time spent in this place.
 B = Non-inter-level travel time spent in this place.
 C = Inter-level travel time spent in this place.
 D = Time resting spent in this place.
 E = Time spent auto-exploring this place.
 F = Levels seen in this place.
 G = Mean time per level.
                   A        B        C        D        E       F      G
               +--------+--------+--------+--------+--------+-----+--------+
         Total |   8459 |   8096 |    363 |    972 |   5459 |  10 |  845.9 |
       Dungeon |   8408 |   8053 |    355 |    972 |   5425 |   9 |  934.2 |
        Temple |     51 |     43 |      8 |      0 |     34 |   1 |   51.0 |
               +--------+--------+--------+--------+--------+-----+--------+

Top non-repeatable levels by time:
     D:3: 1298 daAuts
     D:4: 1263 daAuts
     D:7: 1175 daAuts
     D:1: 993 daAuts
     D:8: 843 daAuts
     D:9: 818 daAuts
     D:5: 674 daAuts
     D:2: 673 daAuts
     D:6: 667 daAuts
  Temple: 51 daAuts
